Map: Cyber Forest LE

Players

Harstem

  • Race: Protoss Protoss
  • Spawn Location: 11:00

SKillous - Winner!

  • Race: Protoss Protoss
  • Spawn Location: 5:00

Event: 2019 WCS Summer

VOD

Have the link to the VOD?

Description

Time

  • Played on: July 12, 2019, 12:41 p.m.
  • Length: 8:46

All games in this series

Show
View Real Time Build Order
Export as new Build Order

Harstem Protoss 

Build Orders: Phoenix Opening, Zealot Archon 

Get SALT Encoding   

  12  0:00  Probe  
  13  0:13  Probe  
  14  0:17  Pylon  
  14  0:24  Probe  
  15  0:32  Probe  
  15  0:37  Gateway  
  15  0:40  Probe  
  17  0:51  Probe  
  17  0:53  Assimilator  
  18  0:57  Assimilator  
  18  1:00  Probe  
  19  1:07  Gateway  
  19  1:08  Probe  
  19  1:17  Probe  
  20  1:24  Cybernetics Core  
  21  1:29  Probe  
  22  1:34  Pylon  
  22  1:41  Probe  
  23  1:52  Warp Gate  
  23  1:54  Probe  
  24  2:01  Stalker x2  
  28  2:11  Pylon  
  28  2:14  Probe  
  29  2:31  Stalker, Sentry  
  33  2:50  Nexus  
  33  2:58  Probe, Sentry  
  36  3:05  Robotics Facility  
  36  3:09  Phoenix  
  36  3:11  Probe, Pylon  
  37  3:19  Sentry  
  39  3:29  Probe  
  40  3:38  Phoenix  
  40  3:41  Probe  
  41  3:52  Probe  
  41  3:55  Observer  
  43  3:58  Probe  
  43  4:00  Probe  
  43  4:01  Forge  
  44  4:06  Probe  
  44  4:08  Probe  
  44  4:09  Stalker  
  47  4:17  Probe  
  49  4:19  Probe  
  49  4:22  Shield Battery  
  49  4:23  Stalker  
  53  4:29  Probe, Protoss Ground Weapons Level 1  
  54  4:31  Probe  
  55  4:41  Probe  
  55  4:43  Probe, Assimilator  
  55  4:45  Pylon  
  57  4:46  Assimilator  
  57  4:53  Probe, Twilight Council  
  57  4:55  Probe  
  57  4:56  Warp Prism  
  57  4:57  Gateway x2  
  59  5:05  Probe  
  62  5:08  Shield Battery  
  62  5:11  Probe  
  63  5:18  Pylon  
  63  5:24  Probe  
  63  5:27  Adept x2  
  67  5:30  Probe  
  66  5:36  Probe, Charge  
  67  5:46  Probe  
  68  5:53  Nexus, Immortal  
  72  6:07  Templar Archives  
  72  6:09  Pylon  
  72  6:13  Gateway  
  72  6:16  Gateway, Pylon  
  72  6:19  Probe  
  72  6:22  Protoss Ground Weapons Level 2  
  72  6:23  Probe  
  74  6:31  Probe  
  75  6:41  Gateway x2  
  75  6:43  Probe  
  75  6:45  High Templar x3  
  75  6:46  High Templar  
  84  6:47  Probe  
  84  6:50  Archon  
  84  6:51  Archon  
  85  6:55  Probe  
  85  6:59  Probe  
  87  7:05  Probe  
  87  7:07  Probe  
  90  7:16  Shield Battery  
  90  7:18  High Templar x2  
  90  7:20  Pylon, Zealot x2  
  90  7:21  Zealot  
  101  7:25  Archon, Zealot  
  101  7:29  Pylon  
  101  7:32  Probe, Photon Cannon  
  101  7:36  Shield Battery  
  103  7:44  High Templar  
  103  7:45  High Templar  
  103  7:46  Zealot x4  
  103  7:48  Pylon  
  103  7:50  Archon  
  114  7:52  Probe  
  114  7:58  Zealot x2  
  117  8:03  Shield Battery  
  119  8:06  Zealot  
  119  8:07  Zealot x2  
  124  8:14  Zealot  
  124  8:17  Probe  
  122  8:21  Zealot x4  
  105  8:28  Zealot  
  105  8:34  High Templar x2  
  95  8:38  Archon  
  95  8:40  Zealot  
Show
View Real Time Build Order
Export as new Build Order

SKillous Protoss - Winner!

Build Orders: Zealot Archon 

Get SALT Encoding   

  12  0:00  Probe  
  13  0:12  Probe  
  14  0:17  Pylon  
  14  0:24  Probe  
  15  0:32  Probe  
  15  0:37  Gateway  
  15  0:40  Probe  
  16  0:45  Assimilator  
  17  0:51  Probe  
  17  0:54  Assimilator  
  18  0:59  Probe  
  19  1:07  Gateway, Probe  
  19  1:17  Probe  
  20  1:24  Cybernetics Core  
  21  1:29  Probe  
  22  1:34  Pylon  
  22  1:41  Probe  
  23  1:51  Warp Gate  
  23  1:53  Probe  
  24  2:01  Stalker, Sentry  
  26  2:07  Pylon  
  28  2:28  Sentry  
  30  2:31  Stalker  
  32  2:40  Nexus  
  32  2:43  Probe  
  33  2:55  Probe  
  33  2:56  Sentry  
  36  3:01  Stalker  
  38  3:07  Probe  
  38  3:08  Pylon  
  39  3:16  Forge  
  39  3:23  Probe  
  40  3:31  Probe  
  40  3:39  Protoss Ground Weapons Level 1  
  40  3:40  Probe  
  41  3:45  Adept x2  
  46  3:48  Probe  
  46  3:53  Probe  
  48  3:56  Probe  
  48  4:01  Twilight Council  
  49  4:05  Probe  
  49  4:06  Probe  
  51  4:11  Assimilator  
  52  4:17  Probe  
  52  4:18  Probe  
  53  4:29  Probe  
  53  4:30  Probe  
  55  4:38  Charge  
  55  4:41  Probe, Nexus  
  55  4:43  Pylon  
  55  4:45  Probe  
  57  4:51  Gateway  
  57  4:54  Gateway  
  57  5:01  Gateway  
  57  5:05  Gateway  
  59  5:14  Gateway  
  59  5:16  Gateway  
  59  5:18  Gateway  
  59  5:20  Probe x2  
  59  5:26  Templar Archives  
  59  5:33  Probe x2  
  59  5:34  Robotics Facility  
  57  5:36  Protoss Ground Weapons Level 2  
  57  5:49  Zealot x3  
  63  5:50  Zealot  
  63  5:52  Shield Battery  
  65  5:59  Probe x3  
  68  6:08  High Templar x2  
  73  6:11  Probe x2  
  73  6:12  Pylon  
  73  6:14  Archon  
  73  6:15  Zealot x2  
  78  6:20  Pylon  
  78  6:24  Probe  
  79  6:27  Pylon  
  79  6:31  Probe x2  
  81  6:33  High Templar x2  
  81  6:35  Warp Prism  
  81  6:36  Pylon  
  81  6:38  Archon  
  88  6:42  Pylon  
  88  6:43  Zealot  
  88  6:45  Zealot  
  91  6:48  Probe x2  
  91  6:49  Zealot  
  91  6:54  Pylon  
  95  7:01  High Templar x2  
  99  7:03  Gateway  
  99  7:05  Gateway  
  99  7:06  Archon  
  99  7:08  Zealot x3  
  101  7:09  Probe  
  101  7:15  Zealot x2  
  110  7:19  Observer  
  111  7:26  Zealot  
  113  7:31  Zealot  
  113  7:35  Zealot  
  113  7:36  Zealot x5  
  127  7:54  High Templar x2  
  127  7:57  Zealot  
  133  7:59  Archon  
  133  8:01  Pylon  
  133  8:03  Pylon  
  133  8:04  Pylon  
  133  8:14  Probe  
  110  8:27  Zealot x6  
  110  8:28  Zealot x4  
Tags
 
Add a new tag
Caveats
  • Supply blocks, unpowered buildings, or Contaminate may cause inaccurate times.
  • Supply counts are checked every 10 seconds.